SAAA
SCRANTON SUPERNOVAS @ ALLOWAY HALBERDS
07/16/2031
 
TOP OF THE 1ST
Scranton Supernovas batting - Pitching for Alloway Halberds : RHP Nicholas Beyer
Pitching: RHP Nicholas Beyer
Batting: RHB Senior Pond 0-0: Called Strike
0-1: Called Strike
0-2: Strikes out swinging
Batting: SHB Alonso Solís 0-0: Ball
1-0: Ball
2-0: Swinging Strike
2-1: Foul Ball, location: 2F
2-2: SINGLE (Line Drive, 6D)
Batting: LHB Chase Popoff 0-0: Foul Ball, location: 2F
0-1: Ball
1-1: Fly out, F9 (Flyball, 89M)
Batting: RHB Felipe Bruno 0-0: Ball
1-0: Ball
2-0: Ball
3-0: Base on Balls
Alonso Solís to second
Batting: LHB José Pacheco 0-0: Ball
1-0: Called Strike
1-1: Swinging Strike
1-2: Foul Ball, location: 2F
1-2: Foul Ball, location: 2F
1-2: Ball
2-2: Strikes out swinging
Top of the 1st over - 0 runs, 1 hit, 0 errors, 2 left on base; Scranton 0 - Alloway 0
BOTTOM OF THE 1ST
Alloway Halberds batting - Pitching for Scranton Supernovas : RHP Lincoln Spooner
Pitching: RHP Lincoln Spooner
Batting: RHB Tom Boyer 0-0: Ball
1-0: Called Strike
1-1: Ball
2-1: Called Strike
2-2: Foul Ball, location: 2F
2-2: Ground out 4-3 (Groundball, 4)
Batting: RHB Bryan Clifton 0-0: Foul Ball, location: 2F
0-1: Ball
1-1: SINGLE (Groundball, 6MD)
Batting: LHB Myron Rosenbalm 0-0: Ball
1-0: Called Strike
1-1: SINGLE (Flyball, 7LS)
Bryan Clifton to second
Batting: RHB Scott Donlan 0-0: Ball
Bryan Clifton steals 3rd base
1-0: Foul Ball, location: 2F
1-1: Swinging Strike
1-2: Ball
2-2: 3-RUN HOME RUN (Flyball, 7D), Distance : 395 ft
Batting: RHB Manny Gonzáles 0-0: Foul Ball, location: 2F
0-1: Ball
1-1: Ball
2-1: Ground out 3-1 (Groundball, 34)
Batting: RHB Jordan Hollins 0-0: Called Strike
0-1: Foul Ball, location: 2F
0-2: Strikes out swinging
Bottom of the 1st over - 3 runs, 3 hits, 0 errors, 0 left on base; Scranton 0 - Alloway 3
TOP OF THE 2ND
Scranton Supernovas batting - Pitching for Alloway Halberds : RHP Nicholas Beyer
Batting: RHB Michael Walker 0-0: Ball
1-0: Called Strike
1-1: Called Strike
1-2: Ball
2-2: Ground out 1-3 (Groundball, 13)
Batting: RHB Brad Jacobson 0-0: Fly out, F6 (Line Drive, 6)
Batting: RHB David Wooderson 0-0: Ball
1-0: Ball
2-0: Swinging Strike
2-1: SINGLE (Groundball, 4MD)
Batting: RHB Nobuhiko Nakayama 0-0: Fly out, F5 (Popup, 25)
Top of the 2nd over - 0 runs, 1 hit, 0 errors, 1 left on base; Scranton 0 - Alloway 3
BOTTOM OF THE 2ND
Alloway Halberds batting - Pitching for Scranton Supernovas : RHP Lincoln Spooner
Batting: RHB Juan Salinas 0-0: Swinging Strike
0-1: Ball
1-1: Ball
2-1: Foul Ball, location: 2F
2-2: Fly out, F3 (Popup, 3SF)
Batting: RHB Cisco Hernández 0-0: Called Strike
0-1: Ball
1-1: Ball
2-1: Foul Ball, location: 2F
2-2: Ball
3-2: Foul Ball, location: 2F
3-2: Fly out, F6 (Line Drive, 6)
Batting: RHB Rubén Marino 0-0: Swinging Strike
0-1: Ground out 5-3 (Groundball, 56S)
Bottom of the 2nd over - 0 runs, 0 hits, 0 errors, 0 left on base; Scranton 0 - Alloway 3
TOP OF THE 3RD
Scranton Supernovas batting - Pitching for Alloway Halberds : RHP Nicholas Beyer
Batting: RHB Senior Pond 0-0: Ball
1-0: Foul Ball, location: 2F
1-1: Foul Ball, location: 2F
1-2: Ball
2-2: Ball
3-2: Foul Ball, location: 2F
3-2: Fly out, F8 (Flyball, 8LM)
Batting: SHB Alonso Solís 0-0: Called Strike
0-1: Foul Ball, location: 2F
0-2: Ball
1-2: Reached on error, E5 (Groundball, 56)
Batting: LHB Chase Popoff 0-0: Ball
1-0: Foul Ball, location: 2F
1-1: Ball
2-1: Ball
3-1: Called Strike
3-2: Foul Ball, location: 2F
Pickoff Throw to First - Out!
3-2: Foul Ball, location: 2F
3-2: Ground out 5-3 (Groundball, 5)
Top of the 3rd over - 0 runs, 0 hits, 1 error, 0 left on base; Scranton 0 - Alloway 3
BOTTOM OF THE 3RD
Alloway Halberds batting - Pitching for Scranton Supernovas : RHP Lincoln Spooner
Batting: RHB Tom Boyer 0-0: Ball
1-0: Ball
2-0: Ball
3-0: Called Strike
3-1: Swinging Strike
3-2: Foul Ball, location: 2F
3-2: Foul Ball, location: 2F
3-2: Base on Balls
Batting: RHB Bryan Clifton 0-0: Ball
1-0: Foul Ball, location: 2F
1-1: Fly out, F4 (Line Drive, 4M)
Batting: LHB Myron Rosenbalm 0-0: Ball
1-0: 2-RUN HOME RUN (Flyball, 9LD), Distance : 342 ft
Batting: RHB Scott Donlan 0-0: Fly out, F7 (Flyball, 78M)
Batting: RHB Manny Gonzáles 0-0: Foul Ball, location: 2F
0-1: Called Strike
0-2: Foul Ball, location: 2F
0-2: Ground out 1-3 (Groundball, 15S)
Bottom of the 3rd over - 2 runs, 1 hit, 0 errors, 0 left on base; Scranton 0 - Alloway 5
TOP OF THE 4TH
Scranton Supernovas batting - Pitching for Alloway Halberds : RHP Nicholas Beyer
Batting: RHB Felipe Bruno 0-0: Swinging Strike
0-1: Fly out, F9 (Flyball, 89M)
Batting: LHB José Pacheco 0-0: Ball
1-0: Called Strike
1-1: Ball
2-1: Ground out U3 (Groundball, 3L)
Batting: RHB Michael Walker 0-0: Ball
1-0: Ball
2-0: Called Strike
2-1: Swinging Strike
2-2: Foul Ball, location: 2F
2-2: Foul Ball, location: 2F
2-2: Ball
3-2: Base on Balls
Batting: RHB Brad Jacobson 0-0: Called Strike
Michael Walker steals 2nd base
0-1: Foul Ball, location: 2F
0-2: Foul Ball, location: 2F
0-2: Ball
1-2: Ball
2-2: Ball
3-2: Fly out, F7 (Flyball, 7)
Top of the 4th over - 0 runs, 0 hits, 0 errors, 1 left on base; Scranton 0 - Alloway 5
BOTTOM OF THE 4TH
Alloway Halberds batting - Pitching for Scranton Supernovas : RHP Lincoln Spooner
Batting: RHB Jordan Hollins 0-0: Ball
1-0: Ball
2-0: Ball
3-0: Called Strike
3-1: Ground out 6-3 (Groundball, 56)
Batting: RHB Juan Salinas 0-0: Ball
1-0: Ball
2-0: Called Strike
2-1: Called Strike
2-2: Foul Ball, location: 2F
2-2: Foul Ball, location: 2F
2-2: Ball
3-2: Fly out, F9 (Flyball, 9D)
Batting: RHB Cisco Hernández 0-0: Ball
1-0: Ball
2-0: Called Strike
2-1: SINGLE (Line Drive, 4D)
Batting: RHB Rubén Marino 0-0: Swinging Strike
0-1: Ball
Cisco Hernández steals 2nd base
1-1: SINGLE (Flyball, 4D)
Cisco Hernández to third
Runner from 3rd tries for Home, SAFE, no throw
Batting: RHB Tom Boyer 0-0: Ball
1-0: Called Strike
1-1: Called Strike
1-2: Ball
2-2: Ball
3-2: Base on Balls
Rubén Marino to second
Batting: RHB Bryan Clifton 0-0: Foul Ball, location: 2F
0-1: Foul Ball, location: 2F
0-2: Ball
1-2: Ball
2-2: Fielders Choice at 2nd, 6-4 (Groundball, 6)
Bottom of the 4th over - 1 run, 2 hits, 0 errors, 2 left on base; Scranton 0 - Alloway 6
TOP OF THE 5TH
Scranton Supernovas batting - Pitching for Alloway Halberds : RHP Nicholas Beyer
Batting: RHB David Wooderson 0-0: Called Strike
0-1: Ball
1-1: Ball
2-1: Ground out 1-3 (Groundball, 13)
Batting: RHB Nobuhiko Nakayama 0-0: Called Strike
0-1: Swinging Strike
0-2: Ball
1-2: Strikes out looking
Batting: RHB Senior Pond 0-0: Ball
1-0: Fly out, F4 (Popup, 13S)
Top of the 5th over - 0 runs, 0 hits, 0 errors, 0 left on base; Scranton 0 - Alloway 6
BOTTOM OF THE 5TH
Alloway Halberds batting - Pitching for Scranton Supernovas : RHP Lincoln Spooner
Batting: LHB Myron Rosenbalm 0-0: Ball
1-0: Called Strike
1-1: Called Strike
1-2: Ball
2-2: Fly out, F7 (Flyball, 78S)
Batting: RHB Scott Donlan 0-0: Foul Ball, location: 2F
0-1: Ball
1-1: Ground out 6-3 (Groundball, 6)
Batting: RHB Manny Gonzáles 0-0: Foul Ball, location: 2F
0-1: Swinging Strike
0-2: Ball
1-2: Foul Ball, location: 2F
1-2: Foul Ball, location: 2F
1-2: TRIPLE (Flyball, 8RXD)
Batting: RHB Jordan Hollins 0-0: Swinging Strike
0-1: Ball
1-1: Fly out, F8 (Flyball, 8RD)
Bottom of the 5th over - 0 runs, 1 hit, 0 errors, 1 left on base; Scranton 0 - Alloway 6
TOP OF THE 6TH
Scranton Supernovas batting - Pitching for Alloway Halberds : RHP Nicholas Beyer
Batting: SHB Alonso Solís 0-0: SOLO HOME RUN (Flyball, 89XD), Distance : 428 ft
Batting: LHB Chase Popoff 0-0: Ball
1-0: Foul Ball, location: 2F
1-1: Ball
2-1: Foul Ball, location: 2F
2-2: Ball
3-2: Fly out, F9 (Line Drive, 9)
Batting: RHB Felipe Bruno 0-0: Ball
1-0: Ball
2-0: Called Strike
2-1: Foul Ball, location: 2F
2-2: SINGLE (Groundball, 56S) (infield hit)
Pitching: RHP Domingo Álvarez
Batting: LHB José Pacheco 0-0: Ball
1-0: Foul Ball, location: 2F
1-1: Called Strike
1-2: Ground out 3-1 (Groundball, 34S)
Felipe Bruno to second
Batting: RHB Michael Walker 0-0: Ball
1-0: Ground out 5-3 (Groundball, 56S)
Top of the 6th over - 1 run, 2 hits, 0 errors, 1 left on base; Scranton 1 - Alloway 6
BOTTOM OF THE 6TH
Alloway Halberds batting - Pitching for Scranton Supernovas : RHP Lincoln Spooner
Pitching: RHP Frank Bryant
Batting: RHB Juan Salinas 0-0: Ball
1-0: Foul Ball, location: 2F
1-1: Ball
2-1: SINGLE (Groundball, 34S) (infield hit)
Batting: RHB Cisco Hernández 0-0: SINGLE (Groundball, 56D)
Juan Salinas to second
Batting: RHB Rubén Marino 0-0: Ball
1-0: 3-RUN HOME RUN (Flyball, 7LD), Distance : 367 ft
Batting: RHB Tom Boyer 0-0: Ball
1-0: Called Strike
1-1: Foul Ball, location: 2F
1-2: Ball
2-2: Ball
3-2: Base on Balls
Batting: RHB Bryan Clifton 0-0: Called Strike
0-1: Called Strike
0-2: Foul Ball, location: 2F
0-2: Ball
1-2: Grounds into double play, 6-4-3 (Groundball, 6)
Batting: LHB Myron Rosenbalm 0-0: Called Strike
0-1: Single, Error in OF, E9, batter to second base
Batting: RHB Scott Donlan 0-0: Swinging Strike
0-1: Foul Ball, location: 2F
0-2: Ball
1-2: Foul Ball, location: 2F
1-2: Ball
2-2: Fly out, F8 (Flyball, 8RM)
Bottom of the 6th over - 3 runs, 4 hits, 1 error, 1 left on base; Scranton 1 - Alloway 9
TOP OF THE 7TH
Scranton Supernovas batting - Pitching for Alloway Halberds : RHP Domingo Álvarez
Batting: RHB Brad Jacobson 0-0: Ground out 4-3 (Groundball, 4)
Batting: RHB David Wooderson 0-0: Ball
1-0: Fly out, F8 (Flyball, 78D)
Batting: RHB Nobuhiko Nakayama 0-0: SINGLE (Line Drive, 78S)
Batting: RHB Senior Pond 0-0: Ball
Nobuhiko Nakayama steals 2nd base
1-0: Ball
2-0: Ball
3-0: Base on Balls
Batting: SHB Alonso Solís 0-0: Swinging Strike
0-1: Ball
1-1: Called Strike
1-2: Strikes out looking
Top of the 7th over - 0 runs, 1 hit, 0 errors, 2 left on base; Scranton 1 - Alloway 9
BOTTOM OF THE 7TH
Alloway Halberds batting - Pitching for Scranton Supernovas : RHP Frank Bryant
Batting: RHB Manny Gonzáles 0-0: Called Strike
0-1: Foul Ball, location: 2F
0-2: Strikes out swinging
Batting: RHB Jordan Hollins 0-0: Ball
1-0: Ball
2-0: Foul Ball, location: 2F
2-1: SINGLE (Line Drive, 56)
Batting: RHB Juan Salinas 0-0: Ball
1-0: Ball
2-0: Fielders Choice at 2nd, 6-4 (Groundball, 6)
Batting: RHB Cisco Hernández 0-0: Ball
1-0: Ball
2-0: Foul Ball, location: 2F
2-1: Ball
3-1: Base on Balls
Juan Salinas to second
Batting: RHB Rubén Marino 0-0: Called Strike
0-1: Called Strike
0-2: Foul Ball, location: 2F
0-2: Ball
1-2: SINGLE (Line Drive, 8RS)
Juan Salinas to third
Cisco Hernández to second
Runner from 3rd tries for Home, SAFE, no throw
Batting: RHB Tom Boyer 0-0: Ball
1-0: Fly out, F7 (Flyball, 7D)
Bottom of the 7th over - 1 run, 2 hits, 0 errors, 2 left on base; Scranton 1 - Alloway 10
TOP OF THE 8TH
Scranton Supernovas batting - Pitching for Alloway Halberds : RHP Domingo Álvarez
Now at 3B: Christovăo Galho
Batting: LHB Chase Popoff 0-0: Called Strike
0-1: Foul Ball, location: 2F
0-2: Strikes out swinging
Batting: RHB Felipe Bruno 0-0: Called Strike
0-1: Foul Ball, location: 2F
0-2: Ball
1-2: Ball
2-2: Strikes out looking
Batting: LHB José Pacheco 0-0: Foul Ball, location: 2F
0-1: Ball
1-1: Fly out, F4 (Line Drive, 4)
Top of the 8th over - 0 runs, 0 hits, 0 errors, 0 left on base; Scranton 1 - Alloway 10
BOTTOM OF THE 8TH
Alloway Halberds batting - Pitching for Scranton Supernovas : RHP Frank Bryant
Batting: RHB Bryan Clifton 0-0: Called Strike
0-1: Ball
1-1: Ball
2-1: Swinging Strike
2-2: Ball
3-2: Foul Ball, location: 2F
3-2: Strikes out looking
Batting: LHB Myron Rosenbalm 0-0: SINGLE (Flyball, 7LS)
Batting: RHB Scott Donlan 0-0: Ball
1-0: Foul Ball, location: 2F
1-1: Ball
2-1: Ball
3-1: Base on Balls
Myron Rosenbalm to second
Pitching: RHP Luis Zaragoza
Batting: RHB Manny Gonzáles 0-0: DOUBLE (Flyball, 8LXD)
Myron Rosenbalm scores
Scott Donlan to third
Runner from 3rd tries for Home, SAFE, no throw
Batting: RHB Jordan Hollins 0-0: Ball
1-0: Ball
2-0: Ball
3-0: Base on Balls
Batting: RHB Juan Salinas 0-0: 3-RUN HOME RUN (Flyball, 7LD), Distance : 363 ft
Batting: RHB Cisco Hernández 0-0: Swinging Strike
0-1: Ball
1-1: Swinging Strike
1-2: Foul Ball, location: 2F
1-2: Foul Ball, location: 2F
1-2: SINGLE (Flyball, 9LS)
Batting: RHB Rubén Marino 0-0: Ball
1-0: Called Strike
1-1: Ball
2-1: Foul Ball, location: 2F
2-2: Ball
3-2: Grounds into double play, 6-4-3 (Groundball, 6)
Bottom of the 8th over - 5 runs, 4 hits, 0 errors, 0 left on base; Scranton 1 - Alloway 15
TOP OF THE 9TH
Scranton Supernovas batting - Pitching for Alloway Halberds : RHP Domingo Álvarez
Now at 1B: José Zarate
Now in LF: Kelly Harris
Batting: RHB Michael Walker 0-0: Foul Ball, location: 2F
0-1: Ball
1-1: Foul Ball, location: 2F
1-2: Ball
2-2: Foul Ball, location: 2F
2-2: Foul Ball, location: 2F
2-2: Foul Ball, location: 2F
2-2: Ball
3-2: Base on Balls
Batting: RHB Brad Jacobson 0-0: Called Strike
0-1: Ball
1-1: Ball
2-1: Ball
3-1: Foul Ball, location: 2F
3-2: Foul Ball, location: 2F
3-2: Base on Balls
Michael Walker to second
Batting: RHB David Wooderson 0-0: Swinging Strike
0-1: Ball
1-1: SINGLE (Line Drive, 89S)
Michael Walker to third
Brad Jacobson to second
Batting: RHB Nobuhiko Nakayama 0-0: Fly out, F7 (Flyball, 7LDF)
Runner from 3rd tags up, SCORES, no throw
Batting: RHB Senior Pond 0-0: Swinging Strike
0-1: Foul Ball, location: 2F
0-2: Strikes out swinging
Batting: SHB Alonso Solís 0-0: Called Strike
0-1: Fly out, F1 (Line Drive, 15)
Top of the 9th over - 1 run, 1 hit, 0 errors, 2 left on base; Scranton 2 - Alloway 15
Tuesday, June 12th, 2018 - OOTP Baseball 18.8 Build 76